 Dungeon Crawl Stone Soup version 0.19-a0-743-ge0d55e4 (webtiles) character file.

140 shmeve the Skirmisher (level 5, -2/43 HPs)
             Began as a Formicid Fighter on June 24, 2016.
             Slain by a gnoll
             ... wielding a +0 flail
              (6 damage)
             ... on level 3 of the Dungeon.
             The game lasted 00:04:50 (1653 turns).

shmeve the Skirmisher (Formicid Fighter)            Turns: 1653, Time: 00:04:50

Health: -2/43      AC:  8    Str: 29    XL:     5   Next: 46%
Magic:  5/5        EV:  9    Int:  7    God:
Gold:   69         SH: 10    Dex: 10    Spells: 0 memorised, 4 levels left

rFire  . . .     SeeInvis +     a - +1 war axe
rCold  . . .     Gourm    .     w - +0 scale mail (curse)
rNeg   . . .     Faith    .     c - +0 shield
rPois  .         Spirit   .     (helmet unavailable)
rElec  .         Dismiss  .     (no cloak)
rCorr  .         Reflect  .     (no gloves)
SustAt .         Harm     .     o - +0 pair of boots (curse)
MR     .....                    (no amulet)
Stlth  ..........               (no ring)
                                e - +2 ring of strength

@: mighty, not resistant to hostile enchantments, extremely unstealthy
A: permanent stasis, dig shafts and tunnels, four strong arms, antennae 3
a: Dig, Shaft Self


You were on level 3 of the Dungeon.
You were not hungry.

You visited 1 branch of the dungeon, and saw 3 of its levels.

You collected 69 gold pieces.

Inventory:

Hand Weapons
 a - a +1 war axe (weapon)
Missiles
 l - 63 sling bullets
Armour
 c - a +0 shield (worn)
 i - a +0 chain mail
 o - a cursed +0 pair of boots (worn)
 w - a cursed +0 scale mail (worn)
Jewellery
 e - a +2 ring of strength (left hand)
Scrolls
 m - a scroll of identify
Potions
 h - a potion of mutation
 j - a potion of magic {unknown}
 n - a potion of beneficial mutation {unknown}
 q - a potion of agility {unknown}
 r - 2 potions of flight {unknown}
 s - a potion of heal wounds {unknown}
 v - a potion of curing {unknown}
Comestibles
 b - 4 chunks of flesh
 f - 3 bread rations
 g - 2 meat rations
 k - a beef jerky


   Skills:
 * Level 4.6 Fighting
 * Level 3.1 Axes
 + Level 3.5 Armour
 + Level 1.0 Dodging
 * Level 4.4 Shields


You had 4 spell levels left.
You didn't know any spells.

Dungeon Overview and Level Annotations

Branches:
Dungeon (3/15)

Altars:
Kikubaaqudgha


Innate Abilities, Weirdness & Mutations

You are under a permanent stasis effect.
You can dig through walls and to a lower floor.
Your four strong arms can wield two-handed weapons with a shield.
You have a pair of large antennae on your head. (SInv)


Message History

The gnoll is severely wounded.
The gnoll hits you with a halberd.
* * * LOW HITPOINT WARNING * * *
A hobgoblin and an orc come into view.
The orc shouts!
You block the orc's attack. The gnoll hits you but does no damage.
The orc barely misses you.
Items here: ( ) [ †† a trident; 5 tomahawks; a dyed leather armour; a giant cockroach corpse an orc corpse You closely miss the gnoll.
You slash the orc!
You kill the orc!
You hit the gnoll.
You kill the gnoll!
Your Dodging skill increases to level 1!
You barely miss the gnoll. You hit the orc.
The orc is heavily wounded.
The orc barely misses you. The gnoll completely misses you.
The gnoll hits you with a flail.
You die...

#### .g { ..# .#
#.####.# .#
#.###.#....###.#
...............#
##............# ###
#....##.#....)###.....
#.#...#.#....)@gS.....
###.#.#...#.####goo!...#
.........#...# #go......
.............# #o......#
.........#...# #.......#
.........#.........###$#
.........#...#####o# #
.........###.# .#
########## .# {


You could see 3 gnolls, an adder and 5 orcs.

Vanquished Creatures
  5 adders
  3 gnolls (D:3)
  A worm (D:3)
  2 dart slugs
  2 orcs (D:3)
  A ball python (D:1)
  7 bats
  2 bat zombies (D:2)
  4 giant cockroaches
  6 goblins
  7 hobgoblins
  3 jackals (D:2)
  2 quokkas
  2 giant newts (D:1)
  3 kobolds
  4 rats
  A rat zombie (D:2)
55 creatures vanquished.

Notes
Turn   | Place    | Note
--------------------------------------------------------------
     0 | D:1      | shmeve the Formicid Fighter began the quest for the Orb.
     0 | D:1      | Reached XP level 1. HP: 18/18 MP: 1/1
   253 | D:1      | Reached XP level 2. HP: 19/24 MP: 2/2
   684 | D:2      | Reached XP level 3. HP: 29/29 MP: 3/3
   974 | D:2      | Reached XP level 4. HP: 37/37 MP: 4/4
   987 | D:2      | Found an ancient bone altar of Kikubaaqudgha.
  1616 | D:3      | Reached XP level 5. HP: 37/43 MP: 5/5
  1653 | D:3      | Reached skill level 1 in Dodging
  1653 | D:3      | Slain by a gnoll

Vault maps used:
D:1:      dpeg_arrival_solitude, amethyst_killhole
D:2:      lemuel_zombie_altar_kikubaaqudgha, serial_forest,
          infiniplex_forest_corner_2, infiniplex_forest_zigzag_1,
          infiniplex_forest_pool, infiniplex_forest_lined_3,
          infiniplex_forest_clump_long, infiniplex_forest_clump_tiny,
          infiniplex_forest_lined_2, minmay_misc_feat_encased,
          hangedman_abyss_or_decor_stabs
D:3:      minitemple

Skill      XL: |  1  2  3  4  5 |
---------------+----------------+-----
Shields        | 4 |  4.4
Fighting       | 4 |  4.6
Axes           | 3 |  3.1
Dodging        | 1 |  1.0
Armour         | |  3.5

Action                   |  1- 3 |  4- 6 || total
-------------------------+-------+-------++-------
Melee: War axe           |    90 |    66 ||   156
  Use: Scroll            |       |     9 ||     9
       Potion            |       |     1 ||     1
  Eat: Chunk             |       |     3 ||     3
Armor: Scale mail        |    41 |    57 ||    98
Dodge: Dodged            |    38 |    38 ||    76
Block: Shield            |    59 |    65 ||   124
